 Dungeon Crawl Stone Soup version 0.18-a0-1577-gf591c28 (webtiles) character file.

515 M4edhros the Grasshopper (level 7, -2/45 HPs)
             Began as an Octopode Warper on Mar 20, 2016.
             Slain by Menkaure (14 damage)
             ... on level 4 of the Dungeon.
             The game lasted 00:06:19 (6017 turns).

M4edhros the Grasshopper (Octopode Warper)          Turns: 6017, Time: 00:06:19

Health: -2/45      AC:  1    Str: 11    XL:     7   Next: 20%
Magic:  5/10       EV: 13    Int: 15    God:
Gold:   224        SH:  0    Dex: 16    Spells: 3 memorised, 2 levels left

rFire  . . .     SeeInvis .       - Unarmed
rCold  . . .     Gourm    .     (no shield)
rNeg   . . .     Faith    .     (helmet restricted)
rPois  .         Spirit   .     (no amulet)
rElec  .         Dismiss  .     g - +3 ring of dexterity
rCorr  +         Reflect  .     v - ring of resist corrosion
SustAt .         Harm     .     (no ring)
MR     .....                    (no ring)
Stlth  ++........               (no ring)
                                (no ring)
                                (no ring)
                                (no ring)

@: not resistant to hostile enchantments, unstealthy
A: almost no armour, amphibious, 8 rings, constrict 8, camouflage 1, gelatinous
body 1
a: no special abilities


You were on level 4 of the Dungeon.
You were near starving.

You visited 1 branch of the dungeon, and saw 4 of its levels.

You collected 224 gold pieces.

Inventory:

Hand Weapons
 r - a +0 hunting sling
Missiles
 c - 5 tomahawks of dispersal (quivered)
 i - 98 stones
 j - 11 sling bullets
 m - 7 sling bullets of frost
 x - 2 tomahawks
Jewellery
 g - a +3 ring of dexterity (left tentacle)
 v - a ring of resist corrosion (right tentacle)
Wands
 t - a wand of lightning (11/15)
Scrolls
 b - 3 scrolls of blinking
 e - 3 scrolls of teleportation {unknown}
 f - 2 scrolls of identify {unknown}
 h - 2 scrolls of amnesia {unknown}
 k - a scroll of enchant armour {unknown}
 l - a scroll of fear {unknown}
 n - 2 scrolls of recharging {unknown}
 o - 3 scrolls of remove curse {unknown}
 p - 2 scrolls of enchant weapon {unknown}
 u - a scroll of immolation {unknown}
Potions
 s - 2 potions of flight
Books
 a - a book of Spatial Translocations

   Spells                             Type                      Level
   a - Apportation                    Translocation                1
   b - Blink                          Translocation                2
   c - Shroud of Golubria             Charms/Translocation         2
   d - Portal Projectile              Translocation                3
   e - Teleport Other                 Translocation                3
   f - Passage of Golubria            Translocation                4
Comestibles
 d - 3 bread rations
 w - 2 fruits


   Skills:
 - Level 2.0 Fighting
 * Level 4.4(4.5) Slings
 - Level 1.0(2.9) Throwing
 - Level 2.3 Dodging
 - Level 2.0 Unarmed Combat
 - Level 2.0 Spellcasting
 + Level 6.4 Translocations


You had 2 spell levels left.
You knew the following spells:

 Your Spells              Type           Power        Failure   Level  Hunger
a - Apportation           Tloc           ###.......   1%          1    #......
b - Portal Projectile     Tloc           ###...       6%          3    ###....
c - Passage of Golubria   Tloc           N/A          21%         4    #####..


Dungeon Overview and Level Annotations

Branches:
Dungeon (4/15)
 Temple: D:4-7

Altars:
Qazlal

Shops:
D:4 *

Annotations:
D:4 Menkaure


Innate Abilities, Weirdness & Mutations

You cannot wear most types of armour.
You are amphibious.
You can wear up to eight rings at the same time.
You can use your tentacles to constrict eight enemies at once.
Your skin changes colour to match your surroundings (Stealth).
Your rubbery body absorbs attacks (AC +1).


Message History

You shoot a sling bullet.
The sling bullet closely misses Menkaure.
Menkaure hits you!
Firing (i - inventory. (,) - cycle):
j - 12 sling bullets (quivered)
Press: ? - help, Shift-Dir - straight line, f/p - Menkaure
Aim: Menkaure (moderately damaged, fast)
You shoot a sling bullet.
The sling bullet hits Menkaure but does no damage.
Menkaure is moderately damaged.
Menkaure barely misses you.
You are now empty-tentacled.
Menkaure hits you!!
* * * LOW HITPOINT WARNING * * *
You tentacle-slap Menkaure but do no damage.
You grab Menkaure.
Menkaure is moderately damaged.
You constrict Menkaure, but do no damage.
Menkaure barely misses you.
Drink which item? (? for menu, Esc to quit)
You feel better.
You constrict Menkaure. Menkaure hits you!
You die...

##+#
#....###.).......#.
#...# ##.###
###########. .....#
##.# #. ......#
##..# #.
.......####...#####
#.
.M...M.'.((.....>..
..
.......####...#####
...M..# ##M.##
.....# ##@.# #...#
##.# ##+# #.# #.#
#.# #.# ..# ###


You could see Menkaure.

Vanquished Creatures
  An ogre (D:4)
  A howler monkey (D:3)
  An orc wizard (D:4)
  Jessica (D:3)
  An iguana (D:4)
  Ijyb (D:2)
  3 worker ants
  3 adders
  9 gnolls
  5 worms
  2 dart slugs
  A giant gecko (D:4)
  5 orcs
  11 bats
  2 giant cockroaches
  4 goblins
  8 hobgoblins
  5 jackals (D:1)
  10 kobolds
  A quokka (D:2)
  7 giant newts
  8 rats
90 creatures vanquished.

Notes
Turn   | Place    | Note
--------------------------------------------------------------
     0 | D:1      | M4edhros the Octopode Warper began the quest for the Orb.
     0 | D:1      | Reached XP level 1. HP: 14/14 MP: 3/3
   310 | D:1      | Reached XP level 2. HP: 17/19 MP: 5/5
   858 | D:1      | Reached skill level 4 in Translocations
  1183 | D:2      | Reached XP level 3. HP: 24/24 MP: 6/6
  1197 | D:2      | Found a faded altar to an unknown god.
  1231 | D:2      | Reached XP level 4. HP: 2/29 MP: 7/7
  1517 | D:2      | Reached skill level 5 in Translocations
  2098 | D:2      | Noticed Ijyb
  2109 | D:2      | Killed Ijyb
  2109 | D:2      | Reached XP level 5. HP: 10/34 MP: 8/8
  2232 | D:2      | Learned a level 3 spell: Portal Projectile
  2237 | D:2      | Learned a level 4 spell: Passage of Golubria
  2640 | D:3      | Reached skill level 1 in Slings
  3062 | D:3      | Noticed Jessica
  3069 | D:3      | Killed Jessica
  3335 | D:3      | Reached XP level 6. HP: 21/39 MP: 9/9
  4430 | D:3      | Reached skill level 6 in Translocations
  5025 | D:4      | Found a stormy altar of Qazlal.
  5026 | D:4      | Noticed an air elemental
  5026 | D:4      | Noticed a water elemental
  5026 | D:4      | Noticed a fire elemental
  5075 | D:4      | Found Pahuixa's Assorted Antiques.
  5564 | D:4      | Reached XP level 7. HP: 45/45 MP: 10/10
  5687 | D:4      | Noticed Menkaure
  6017 | D:4      | Slain by Menkaure

Vault maps used:
D:1:      minmay_arrival_arboretum_small
D:2:      ecumenical_altar_2, uniq_iyjb
D:3:      eino_tiny_chamber, uniq_jessica
D:4:      minmay_temple_entry_from_below_b, serial_shops, shop,
          nicolae_qazlal_style_of_elements, uniq_menkaure

Skill      XL: |  1  2  3  4  5  6 |
---------------+-------------------+-----
Translocations | 4 5 6 |  6.4
Slings         | 2 4 |  4.4
Fighting       | |  2.0
Throwing       | |  1.0
Dodging        | |  2.3
Unarmed Combat | |  2.0
Spellcasting   | |  2.0

Action                   |  1- 3 |  4- 6 |  7- 9 || total
-------------------------+-------+-------+-------++-------
Melee: Unarmed           |    74 |   155 |    24 ||   253
 Fire: Hunting sling     |       |    17 |     6 ||    23
 Cast: Portal Projectile |       |       |     1 ||     1
  Use: Potion            |     2 |       |     2 ||     4
 Stab: Sleeping          |     4 |     8 |       ||    12
  Eat: Chunk             |       |    14 |       ||    14
